Unix NetHack Version 5.0.0-0 post-release - last build Jun 10 2026 00:39:30 (3ee93aec679c4c4259841fe613dc97188e26a321,branch:main).

Game began 2026-06-19 20:22:00, ended 2026-06-19 20:55:26.

Drastanta, chaotic male elven Priest

                                                         #
                                                       --|--#-
                                                       |.....|
                                                       |..%d.|
                                                       |.d d.|
                                                       -..@d.|
                                                       ----+--

Drastanta the Acolyte        St:18 Dx:10 Co:14 In:8 Wi:20 Ch:11  Chaotic
Dlvl:5  $:76 HP:0(28) Pw:73(73) AC:4  Xp:4 T:1484 

Latest messages:
 You find a hidden passage.
 You descend the stairs.
 The door opens.
 You try to move the boulder, but in vain.
 A gush of water hits you on the head!
 You see here a long sword.
 You descend the stairs.
 You climb up the stairs.
 You hear a door open.
 The door opens.
 You see here 6 crossbow bolts.
 You swap places with Fuegan.
 The door opens.
 The hobgoblin wields a crude dagger!
 The hobgoblin thrusts her crude dagger.
 The hobgoblin hits!
 You kill the hobgoblin!
 x - a blessed orcish helm.
 E - 2 food rations.
 You kill the grid bug!
 $ - 4 gold pieces (72 in total).
 You see here a cursed pair of hiking boots.
 $ - 4 gold pieces (76 in total).
 You hit the kobold lord!
 The kobold lord hits!
 You kill the kobold lord!
 There is a doorway here.
 You see here a kobold lord corpse.
 There is a doorway here.
 You see here a kobold lord corpse.
 You miss the newt.
 You miss the newt.
 You kill the newt!
 You descend the stairs.
 You climb up the stairs.
 You feel tough!
 You must have been leading a healthy life-style.
 You find a hidden door.
 You descend the stairs.
 The winter wolf bites!
 You hit the winter wolf!
 The winter wolf bites!
 You miss the winter wolf.
 You miss the winter wolf.
 Npexception's ghost wakes up!
 The winter wolf bites!
 The wolf bites!
 You die...
 Do you want your possessions identified? [ynq] (y) y
 Do you want to see your attributes? [ynq] (y) q

Inventory:
 Coins    ('$')
  $ - 76 gold pieces
 Weapons  (')')
  a - a blessed +1 mace (weapon in right hand)
 Armor    ('[')
  x - a blessed +0 orcish helm
  u - a +0 pair of gauntlets of dexterity (being worn)
  v - a blessed +1 pair of speed boots (being worn)
  c - a blessed +0 small shield (being worn)
  b - a +0 robe (being worn)
 Comestibles  ('%')
  e - a clove of garlic
  E - 2 food rations
  z - a lembas wafer
  f - a sprig of wolfsbane
 Scrolls  ('?')
  m - a scroll of enchant armor
  j - a cursed scroll of enchant armor
  p - a scroll of enchant weapon
 Spellbooks  ('+')
  h - a spellbook of clairvoyance
  g - a spellbook of detect monsters
  k - a cursed spellbook of healing
  l - a cursed spellbook of light
 Potions  ('!')
  A - a cursed potion of booze
  r - a potion of confusion
  t - a cursed potion of healing
  q - a potion of oil
  s - a potion of see invisible
  o - a blessed potion of sleeping
  d - 4 potions of holy water
 Rings    ('=')
  B - a cursed ring of polymorph
  C - a ring of see invisible
  w - a ring of slow digestion
 Wands    ('/')
  D - a wand of lightning (0:8)
 Tools    ('(')
  n - an empty sack
  i - a wooden harp
  y - a tin whistle

Drastanta the Priest's attributes:

Background:
 You were an Acolyte, a level 4 elven Priest.
 You were chaotic, nominally on a mission for Manannan Mac Lir
 who was opposed by Lugh (lawful) and Brigit (neutral).
 You were right-handed.
 You were in the Dungeons of Doom, on level 5.
 You entered the dungeon 1484 turns ago.
 You had 143 experience points, 17 more were needed to attain level 5.

Basics:
 You had 0 out of 28 hit points.
 You had all 73 energy points (spell power).
 Your armor class was 4.
 Your wallet contained 76 zorkmids.
 Autopickup was on for '$' plus thrown.

Final Characteristics:
 Your strength was 18 (limit:18).
 Your dexterity was 10 (limit:18).
 Your constitution was 14 (limit:16).
 Your intelligence was 8 (limit:20).
 Your wisdom was 20 (limit:20).
 Your charisma was 11 (limit:18).

Final Status:
 You weren't hungry.
 You were unencumbered.
 You were wielding a mace.
 You had basic skill with mace.

Final Attributes:
 You were devoutly aligned.
 You were sleep resistant.
 You had infravision.
 You were guarded.
 Your spell casting was enhanced by wearing a robe.
 You were very fast.
 You are dead.

Miscellaneous:
 You encountered 2 bones levels.
 Total elapsed playing time was 19 minutes and 43 seconds.

Major events:
 Turn
    1: Drastanta the chaotic elven Priest entered the dungeon
  554: attained the rank of Acolyte (level 3)
 1432: entered the Gnomish Mines
 1484: killed by a wolf

Spells:
 Name                 Level Category     Fail Retention
 detect monsters        1   divination     0%  76%-100%
 clairvoyance           3   divination    55%  76%-100%

Skills:
 Fighting Skills
   bare handed combat [Unskilled]
 Weapon Skills
   club               [Unskilled]
   mace               [Basic]
   morning star       [Unskilled]
   flail              [Unskilled]
   hammer             [Unskilled]
   quarterstaff       [Unskilled]
   polearms           [Unskilled]
   spear              [Unskilled]
   trident            [Unskilled]
   lance              [Unskilled]
   bow                [Unskilled]
   sling              [Unskilled]
   crossbow           [Unskilled]
   dart               [Unskilled]
   shuriken           [Unskilled]
   boomerang          [Unskilled]
   unicorn horn       [Unskilled]
 Spellcasting Skills
   healing spells     [Unskilled]
   divination spells  [Unskilled]
   clerical spells    [Basic]

Voluntary challenges:
 Character rerolling was not enabled.
 You were an atheist.
 You never genocided any monsters.
 You never polymorphed an object.
 You never changed form.
 You used no wishes.
Achievements:
 You entered a shop.
 You attained the rank of Acolyte.
 You entered the Gnomish Mines.

 The Dungeons of Doom: levels 1 to 5
    Level 1:
       Some fountains, a sink, a grave.
    Level 2:
       An armor shop, an altar to Manannan Mac Lir, a fountain.
    Level 3:
    Level 4:
       A fountain.
       Stairs down to The Gnomish Mines.
    Level 5: <- You were here.
       A grave.
       Final resting place for
          you, killed by a wolf,
          npexception-Tou-Hum-Mal-Neu, killed by an invisible werewolf.
 The Gnomish Mines:
    Level 5:
       Final resting place for
          npexception-Tou-Hum-Mal-Neu, killed by a gnome lord.


Vanquished creatures:
  a giant mimic
  a kobold leader
  a werejackal
  3 acid blobs
  a hobbit
  a hobgoblin
  2 giant rats
  a garter snake
  2 geckos
  3 jackals
  a kobold
  2 goblins
  4 grid bugs
  2 bats
  3 lichens
  a kobold zombie
  6 newts
35 creatures vanquished.

No species were genocided or became extinct.

Game over:
                       ----------
                      /          \
                     /    REST    \
                    /      IN      \
                   /     PEACE      \
                  /                  \
                  |    Drastanta     |
                  |      76 Au       |
                  | killed by a wolf |
                  |                  |
                  |                  |
                  |                  |
                  |       2026       |
                 *|     *  *  *      | *
        _________)/\\_//(\/(/\)/\//\/|_)_______

Goodbye Drastanta the Priest...

You died in The Dungeons of Doom on dungeon level 5 with 979 points,
and 76 pieces of gold, after 1484 moves.
You were level 4 with a maximum of 28 hit points when you died.

